 Dungeon Crawl Stone Soup version 0.30-a0-953-g5f1da4a474 (webtiles) character file.

Game seed: 4587073183699368929

1765 IdlyInterested the Carver (level 8, -8/60 HPs)
             Began as a Demonspawn Gladiator on Mar 28, 2023.
             Mangled by an ice beast (13 damage)
             ... while paralysed by a hornet
             ... on level 7 of the Dungeon.
             The game lasted 00:21:19 (6843 turns).

IdlyInterested the Carver (Demonspawn Gladiator)    Turns: 6843, Time: 00:21:20

Health: -8/60      AC: 22    Str: 14    XL:     8   Next: 79%
Magic:  8/8        EV:  2    Int: 11    God:
Gold:   319        SH:  0    Dex: 16    Spells: 7/7 levels left

rFire   . . .      SeeInvis .    a - +1 long sword
rCold   . . .      Faith    .    A - +2 kite shield
rNeg    . . .      Spirit   .    i - +0 chain mail
rPois   .          Reflect  .    (helmet restricted)
rElec   .          Rampage  .    v - +2 cloak {Will+}
rCorr   .                        (no gloves)
Will    +....                    (no boots) Stlth
                                 C - amulet of regeneration
HPRegen 1.10/turn                s - +4 ring of protection
MPRegen 0.11/turn                x - +4 ring of protection

@: paralysed, lethally poisoned (-8 -> -9), slowed
A: antennae 1, thin metallic scales 2, powered by pain 1
a: no special abilities


You were on level 7 of the Dungeon.
You visited 1 branch of the dungeon, and saw 7 of its levels.

You collected 319 gold pieces.

Inventory:

Hand Weapons
 a - a +1 long sword (weapon)
 k - a +0 rapier
 n - a +0 dagger of flaming
 y - a +0 long sword
 B - the +4 whip of Wrath {pain, Fly rF+ Str-4}
   (You found it on level 6 of the Dungeon)

   Str:       It affects your strength (-4).
   rF:        It protects you from fire.
   Fly:       It grants you flight.
Missiles
 d - 3 throwing nets
 e - a javelin
 f - 46 stones
 l - 17 poisoned darts (quivered)
 m - a boomerang
Armour
 g - a +0 buckler
 i - a +0 chain mail (worn)
 v - a +2 cloak of willpower (worn)
 A - a +2 kite shield (worn)
Magical Staves
 q - a staff of death
 r - a staff of fire
Jewellery
 s - a +4 ring of protection (left hand)
 x - a +4 ring of protection (right hand)
 C - an amulet of regeneration (around neck)
Scrolls
 j - a scroll of enchant armour
 w - 8 scrolls of amnesia
Potions
 b - a potion of resistance
 c - a potion of curing
 h - 2 potions of invisibility
 o - 2 potions of might
 p - a potion of attraction
 t - a potion of haste
 u - a potion of heal wounds
 z - a potion of flight


   Skills:
 - Level 4.0 Fighting
 * Level 8.5 Long Blades
 + Level 1.8 Throwing
 - Level 2.0 Armour
 - Level 2.6 Dodging
 - Level 2.0 Stealth
 - Level 4.0 Shields
 - Level 2.0 Evocations


You had 7 spell levels left.
You didn't know any spells.
Your spell library contained the following spells:

 Spells                   Type           Power      Damage    Failure   Level
 Summon Small Mammal      Summ           0%         N/A       100%        1
 Call Canine Familiar     Summ           0%         N/A       100%        3
 Summon Guardian Golem    Hex/Summ       0%         N/A       100%        3


Dungeon Overview and Level Annotations

Branches:
Dungeon (7/15)
 Temple: D:4-7

Altars:
Makhleb
Uskayaw
Wu Jian
Yredelemnul

Shops:
D:6 (


Innate Abilities, Weirdness & Mutations

You have a pair of small antennae on your head.
You are mostly covered in thin metallic scales. (AC +3)
You sometimes gain a little power by taking damage.


Message History

The hornet is moderately wounded.
You hear the faint creaking of a portcullis.
You feel sick. You block the hornet's attack.
The ice beast hits you but does no damage.
You block the hornet's attack.
The ice beast hits you but does no damage.
You slash the hornet!
The hornet is severely wounded.
You feel sick.
You block the hornet's attack. x2; The ice beast hits you.
The ice beast freezes you.
You closely miss the hornet.
The hornet is severely wounded.
You feel sick.
You are no longer poisoned.
The hornet barely misses you. You block the ice beast's attack.
You miss the hornet.
The hornet is severely wounded.
The hornet stings you but does no damage.
The hornet stings you!
You feel yourself slow down.
The ice beast hits you but does no damage.
You hit the hornet but do no damage.
The hornet is severely wounded.
The hornet stings you.
You are poisoned.
You feel as though you will be slow longer.
The hornet stings you.
* * * LOW HITPOINT WARNING * * *
You suddenly lose the ability to move!
The ice beast hits you but does no damage.
The hornet stings you but does no damage.
The ice beast hits you.
* * * LOW HITPOINT WARNING * * *
The ice beast freezes you.
* * * LOW HITPOINT WARNING * * *
You feel sick.
The hornet stings you but does no damage.
The ice beast hits you.
* * * LOW HITPOINT WARNING * * *
The ice beast freezes you!
You die...

# #~.### .# # #~... ..#
# #~..####.# # . #~..
...# # ..~ #~.## #..# #
..~≈####~..###..# #
..~~~~≈yY...##..# #
.......@........########
.....#......##†.........
### #......##.#########
#......##.# #.>.......#
####..##### #..# #..#


You could see a hornet and an ice beast.

Vanquished Creatures
  The ghost of Shard1697 the Cudgeller, a novice DsFi of Gozag (D:6)
  Prince Ribbit (D:6)
  Eustachio (D:4)
  Edmund (D:6)
  A black bear (D:6)
  A sky beast (D:6)
  A centaur (D:6)
  3 scorpions
  A bullfrog (D:6)
  A jelly (D:4)
  2 orc priests (D:6)
  Crazy Yiuf (D:2)
  3 hounds
  A sleepcap (D:6)
  Ijyb (D:4)
  An iguana (D:7)
  2 orc wizards
  A centaur simulacrum (D:6)
  A spectral howler monkey (D:6)
  A gnoll (D:5)
  8 adders
  A white imp (D:6)
  An adder zombie (D:3)
  3 worms
  20 orcs
  5 bats
  7 endoplasms
  5 giant cockroaches
  10 goblins
  9 hobgoblins
  3 kobolds
  4 ball pythons
  A frilled lizard (D:2)
  A quokka zombie (D:3)
  3 rats
107 creatures vanquished.

Vanquished Creatures (others)
  An orc (D:4)
1 creature vanquished.

Grand Total: 108 creatures vanquished

Notes
Turn   | Place    | Note
-------+----------+-------------------------------------------
     0 | D:1      | IdlyInterested the Demonspawn Gladiator began the quest for
                  | the Orb.
     0 | D:1      | Reached XP level 1. HP: 16/16 MP: 1/1
   991 | D:2      | Gained mutation: You sometimes gain a little power by
                  | taking damage. [demonic ancestry]
   991 | D:2      | Reached XP level 2. HP: 20/23 MP: 2/2
  1135 | D:2      | Reached skill level 1 in Armour
  1390 | D:2      | Reached XP level 3. HP: 28/28 MP: 3/3
  1547 | D:2      | Reached skill level 1 in Stealth
  1673 | D:2      | Reached skill level 3 in Long Blades
  1751 | D:2      | Found a faded altar of an unknown god.
  1852 | D:2      | Found a runed translucent door.
  1853 | D:2      | Noticed Crazy Yiuf
  1890 | D:2      | Killed Crazy Yiuf
  1891 | D:2      | Reached skill level 1 in Evocations
  1891 | D:2      | Gained mutation: You have a pair of small antennae on your
                  | head. [demonic ancestry]
  1891 | D:2      | Reached XP level 4. HP: 35/35 MP: 4/4
  2588 | D:3      | Reached skill level 1 in Shields
  2754 | D:3      | Found a basalt altar of Yredelemnul.
  3185 | D:4      | Noticed Eustachio
  3218 | D:4      | Killed Eustachio
  3219 | D:4      | Reached skill level 4 in Long Blades
  3219 | D:4      | Reached XP level 5. HP: 21/42 MP: 5/5
  3317 | D:4      | Gained mutation: You are partially covered in thin metallic
                  | scales. (AC +2) [demonic ancestry]
  3317 | D:4      | Reached XP level 6. HP: 42/48 MP: 6/6
  3424 | D:4      | Noticed Ijyb
  3443 | D:4      | Killed Ijyb
  3701 | D:4      | Found an ornate altar of the Wu Jian Council.
  3807 | D:5      | Entered Level 5 of the Dungeon
  4027 | D:5      | Reached skill level 5 in Long Blades
  4029 | D:5      | Found a burning altar of Makhleb.
  4031 | D:5      | Found a hide-covered altar of Uskayaw.
  4630 | D:5      | Reached XP level 7. HP: 54/54 MP: 7/7
  5034 | D:6      | Found Cegewk's Antique Weapon Emporium.
  5224 | D:6      | Found a runed translucent gate.
  5224 | D:6      | Found a runed translucent gate.
  5224 | D:6      | Found a runed translucent gate.
  5225 | D:6      | Noticed Shard1697's ghost (novice DsFi)
  5314 | D:6      | Reached skill level 6 in Long Blades
  5357 | D:6      | Noticed Prince Ribbit
  5380 | D:6      | Killed Prince Ribbit
  5452 | D:6      | Gained mutation: You are mostly covered in thin metallic
                  | scales. (AC +3) [demonic ancestry]
  5452 | D:6      | Reached XP level 8. HP: 22/60 MP: 8/8
  5580 | D:6      | Noticed Edmund
  5605 | D:6      | Killed Edmund
  5606 | D:6      | Reached skill level 7 in Long Blades
  5913 | D:6      | Identified the +4 whip of Wrath {pain, Fly rF+ Str-4}
  6601 | D:6      | Killed Shard1697's ghost
  6602 | D:6      | Reached skill level 8 in Long Blades
  6828 | D:7      | Noticed a hornet
  6831 | D:7      | Paralysed by a hornet for 2 turns
  6842 | D:7      | Paralysed by a hornet for 2 turns
  6843 | D:7      | Mangled by an ice beast

Illustrated notes

Levels and vault maps discovered:
D:1:      arrival_zaba_pyramid, layout_basic, hangedman_decor_diamond_cutter,
          st_stairs_8, corexii_item_surrounded_by_moat,
          minmay_misc_feat_enclosed
D:2:      layout_loops_cross, hellmonk_ecumenical_altar_crossroads,
          uniq_crazy_yiuf_cottage
D:3:      layout_basic, lemuel_zombie_altar_yredelemnul, nrook_campfire
D:4:      layout_basic, mainiacjoe_overflow_surrounded_room,
          nicolae_elevator_lobby_plus, uniq_eustachio, uniq_ijyb
D:5:      layout_loops_corners, jmf_multi_god_temple
D:6:      nicolae_cairo_tiling_very_big, layout_loops_ring,
          gammafunk_ghost_necromancy, serial_shops, shop, uniq_edmund,
          uniq_prince_ribbit1
D:7:      layout_loops_ring, minmay_temple_entry_fiery, enter_bailey_4,
          feat_on_display

Skill      XL: |  1  2  3  4  5  6  7  8 |
---------------+-------------------------+-----
Armour         | 1 2 |  2.0
Stealth        | 1 2 |  2.0
Long Blades    | 3 4 5 6 8 |  8.5
Fighting       | 3 4 |  4.0
Evocations     | 1 2 |  2.0
Shields        | 2 3 4 |  4.0
Throwing       | |  1.8
Dodging        | |  2.6

Action                     |  1- 3 |  4- 6 |  7- 9 || total
---------------------------+-------+-------+-------++-------
  Melee: Long sword        |    80 |   215 |   238 ||   533
  Throw: Throwing net      |     1 |       |     3 ||     4
         Stone             |       |    16 |     7 ||    23
         Dart              |       |       |    17 ||    17
  Evoke: Wand              |       |       |     2 ||     2
    Use: Potion            |     2 |     1 |     4 ||     7
         Scroll            |       |    14 |     1 ||    15
   Stab: Held in net/web   |     1 |       |       ||     1
         Sleeping          |       |     1 |       ||     1
 Armour: Leather armour    |    32 |    22 |       ||    54
         Chain mail        |       |   144 |   199 ||   343
  Dodge: Dodged            |    48 |    92 |    66 ||   206
  Block: Buckler           |    11 |    32 |    60 ||   103
         Kite shield       |       |       |    10 ||    10

Table legend: (Time is in decaauts)
 A = Elapsed time spent in this place.
 B = Non-inter-level travel time spent in this place.
 C = Inter-level travel time spent in this place.
 D = Time resting spent in this place.
 E = Time spent auto-exploring this place.
 F = Levels seen in this place.
 G = Mean time per level.
                   A        B        C        D        E       F      G
               +--------+--------+--------+--------+--------+-----+--------+
         Total |   6938 |   5915 |   1023 |    794 |   3634 |   7 |  991.1 |
       Dungeon |   6938 |   5915 |   1023 |    794 |   3634 |   7 |  991.1 |
               +--------+--------+--------+--------+--------+-----+--------+

Top non-repeatable levels by time:
     D:6: 1678 daAuts
     D:3: 1240 daAuts
     D:1: 1167 daAuts
     D:2: 1092 daAuts
     D:5: 1044 daAuts
     D:4: 608 daAuts
     D:7: 107 daAuts
